 Dungeon Crawl Stone Soup version 0.28-a0-206-gc2c9e32840 (webtiles) character file.

Game seed: 11472409305886027746

127 Whiskey the Skirmisher (level 4, 0/37 HPs)
             Began as a Demonspawn Fighter on Aug 20, 2021.
             Splashed by Ijyb's acid (14 damage)
             ... on level 3 of the Dungeon.
             The game lasted 00:03:46 (2890 turns).

Whiskey the Skirmisher (Demonspawn Fighter)         Turns: 2890, Time: 00:03:46

Health: 0/37       AC:  8    Str: 18    XL:     4   Next: 85%
Magic:  4/4        EV:  7    Int:  9    God:
Gold:   94         SH: 13    Dex: 12    Spells: 3/3 levels left

rFire   . . .      SeeInvis .   a - +0 war axe
rCold   . . .      Faith    .   c - +0 kite shield
rNeg    . . .      Spirit   .   b - +0 scale mail
rPois   .          Reflect  +   (helmet restricted)
rElec   .          Harm     .   (no cloak)
rCorr   .          Rampage  .   (no gloves)
Will    .....                   (no boots)
Stlth   ..........              i - amulet of reflection
HPRegen 0.12/turn               f - ring of flight {+Fly, !d}
MPRegen 0.09/turn               (no ring)

@: flying
A: horns 1, molten scales 1
a: no special abilities


You were on level 3 of the Dungeon.
You visited 1 branch of the dungeon, and saw 3 of its levels.

You collected 94 gold pieces.

Inventory:

Hand Weapons
 a - a +0 war axe (weapon)
 n - a +0 hunting sling
   (You took it off a goblin on level 3 of the Dungeon)
Missiles
 o - 24 stones (quivered)
Armour
 b - a +0 scale mail (worn)
 c - a +0 kite shield (worn)
Magical Staves
 m - a staff of conjuration {!a}
   (You found it on level 3 of the Dungeon)
Jewellery
 f - a ring of flight (left hand) {+Fly, !d}
   (You found it on level 1 of the Dungeon)
 i - an amulet of reflection (around neck)
   (You found it on level 1 of the Dungeon)
Wands
 k - a wand of digging (5)
   (You took it off a goblin on level 2 of the Dungeon)
Scrolls
 e - 2 scrolls of teleportation {unknown}
 l - a scroll of identify {unknown}
Potions
 d - a potion of might
 g - a potion of berserk rage {unknown}
 h - a potion of heal wounds {unknown}
 j - 2 potions of curing {unknown}


   Skills:
 + Level 3.8 Fighting
 + Level 2.7 Axes
 + Level 3.4 Armour
 + Level 3.4 Shields


You had 3 spell levels left.
You didn't know any spells.
Your spell library was empty.

Dungeon Overview and Level Annotations

Branches:
Dungeon (3/15)

Altars:
Gozag

Annotations:
D:3 Ijyb


Innate Abilities, Weirdness & Mutations

You have a pair of small horns on your head.
You are partially covered in molten scales. (AC +2)


Message History

You kill the orc!
Things that are here:
a +0 whip; a +0 scale mail; an adder corpse
Things that are here:
a +0 dagger; a +0 robe You start resting.
Health restored: 37
Things that are here:
a +0 dagger; a +0 robe You see here a +0 flail.
Found a stone staircase leading up.
A goblin comes into view. It is wielding a +0 dagger.
The goblin shouts!
The goblin unwields a +0 dagger.
The goblin wields a +0 hunting sling.
The goblin shoots a stone.
You reflect the stone off an invisible shield around you!
The stone barely misses the goblin.
The goblin shoots a stone.
You reflect the stone off an invisible shield around you!
The stone hits the goblin.
The goblin shoots a stone.
You reflect the stone off an invisible shield around you!
The stone misses the goblin.
The goblin shoots a stone.
You reflect the stone off an invisible shield around you!
The stone hits the goblin.
You kill the goblin!
No target in view!
No target in view!
No target in view!
No target in view!
No target in view!
No target in view!
No target in view!
No target in view!
No target in view!
No target in view!
No target in view!
No target in view!
No target in view!
No target in view!
No target in view!
No target in view!
No target in view!
No target in view!
No target in view!
No target in view!
Items here: ( )) †.
n - a +0 hunting sling;
o - 24 stones
Things that are here:
a +0 dagger; a goblin corpse You now have 94 gold pieces (gained 18).
An endoplasm comes into view.
The endoplasm quivers.
You slash the endoplasm!
You kill the endoplasm!
No target in view!
No target in view!
No target in view!
No target in view!
No target in view!
No target in view!
No target in view!
No target in view!
No target in view!
No target in view!
No target in view!
No target in view!
No target in view!
Found a stone staircase leading down.
A kobold comes into view. It is wielding a +0 short sword.
The kobold shouts!
You hear a shout!
You barely miss the kobold. You headbutt the kobold.
The kobold hits you but does no damage. You block the kobold's attack.
You closely miss the kobold.
The kobold hits you with a +0 short sword.
You take 1 damage, and have 36/37 hp.
You miss the kobold. You headbutt the kobold.
The kobold hits you with a +0 short sword.
You block the kobold's attack.
You take 4 damage, and have 32/37 hp.
You slash the kobold!
You kill the kobold!
A goblin comes into view. It is wielding a +0 dagger.
Ijyb the Twisted Goblin comes into view.
She is wielding a +0 club and carrying a wand of acid (7).
A goblin comes into view. It is wielding a +0 dagger.
Ijyb shouts!
The goblin shouts! x2
A goblin comes into view. It is wielding a +0 dagger.
You see here a +0 short sword. 3 goblins come into view.
The goblin shouts! x4
You block the goblin's attack.
You closely miss Ijyb. You headbutt Ijyb. You hit the goblin.
You kill the goblin!
Ijyb closely misses you.
You closely miss Ijyb. You hit the goblin. The goblin completely misses you.
Ijyb zaps a wand.
The bolt of acid hits you!!
Ouch! That really hurt!
You are splashed with acid!
You die...

#.##.# #.# #.##.#8.....8#.####
###########....#.......#....#
...............#8.....8####.#####
#..###..####..#.......##........
##..###..####..#8g....8#....#####
...........##.##.gg....#.#### ###
##..###..#.##..#8gg...8#.# #..
##..###.......).@g.....#.# #.#
.........#.####........#.# #.#
##########.# ##########.## #.#
#.# #...# #.# .#########.######
#...# #.# ........#.......#
#...#####.. ........#..####.#
#####.........#
........#....##.###...........#.#
..........##.....................


You could see Ijyb and 5 goblins.

Vanquished Creatures
  2 orc wizards (D:3)
  2 adders (D:3)
  A worm (D:3)
  4 orcs (D:3)
  6 ball pythons
  4 endoplasms
  A giant cockroach (D:3)
  7 goblins
  6 hobgoblins
  8 kobolds
  3 quokkas (D:1)
  2 bats (D:3)
  A frilled lizard (D:1)
  2 rats (D:2)
49 creatures vanquished.

Notes
Turn   | Place    | Note
-------+----------+-------------------------------------------
     0 | D:1      | Whiskey the Demonspawn Fighter began the quest for the Orb.
     0 | D:1      | Reached XP level 1. HP: 18/18 MP: 1/1
   477 | D:1      | Reached skill level 2 in Axes
   499 | D:1      | Gained mutation: You have a pair of small horns on your
                  | head. [demonic ancestry]
   499 | D:1      | Reached XP level 2. HP: 24/24 MP: 2/2
  1082 | D:2      | Reached skill level 3 in Armour
  1200 | D:2      | Reached skill level 3 in Shields
  1528 | D:2      | Reached XP level 3. HP: 29/29 MP: 3/3
  1619 | D:2      | Found an opulent altar of Gozag.
  1939 | D:3      | HP: 7/29 [something (1)]
  1944 | D:3      | HP: 3/29 [something (1)]
  2295 | D:3      | Gained mutation: You are partially covered in molten
                  | scales. (AC +2) [demonic ancestry]
  2295 | D:3      | Reached XP level 4. HP: 33/35 MP: 4/4
  2885 | D:3      | Noticed Ijyb
  2890 | D:3      | Splashed by Ijyb's acid

Illustrated notes

Levels and vault maps discovered:
D:1:      lightli_arrival_lavapool, layout_loops_ring, hangedman_decor_points
D:2:      layout_basic, basic_altar
D:3:      kennysheep_the_goblin_king, layout_loops_cross, minmay_unequal

Skill      XL: |  1  2 |
---------------+-------+-----
Axes           | 2 |  2.7
Armour         | 3 |  3.4
Shields        | 3 |  3.4
Fighting       | |  3.8

Action                   |  1- 3 |  4- 6 || total
-------------------------+-------+-------++-------
Melee: War axe           |    92 |    46 ||   138
       Headbutt          |    15 |     7 ||    22
Armor: Scale mail        |    29 |    28 ||    57
Dodge: Dodged            |    20 |    13 ||    33
Block: Kite shield       |    69 |    41 ||   110
       Reflection        |     1 |     5 ||     6

Table legend: (Time is in decaauts)
 A = Elapsed time spent in this place.
 B = Non-inter-level travel time spent in this place.
 C = Inter-level travel time spent in this place.
 D = Time resting spent in this place.
 E = Time spent auto-exploring this place.
 F = Levels seen in this place.
 G = Mean time per level.
                   A        B        C        D        E       F      G
               +--------+--------+--------+--------+--------+-----+--------+
         Total |   2974 |   2951 |     23 |    427 |   2148 |   3 |  991.3 |
       Dungeon |   2974 |   2951 |     23 |    427 |   2148 |   3 |  991.3 |
               +--------+--------+--------+--------+--------+-----+--------+

Top non-repeatable levels by time:
     D:2: 1071 daAuts
     D:3: 1055 daAuts
     D:1: 847 daAuts

Table legend:
 A = Kills in this place as a percentage of kills in entire the game.
 B = Kills by you in this place as a percentage of kills by you in the entire game.
 C = Kills by friends in this place as a percentage of kills by friends in the entire game.
 D = Other kills in this place as a percentage of other kills in the entire game.
 E = Experience gained in this place as a percentage of experience gained in the entire game.
 F = Experience gained in this place divided by the number of levels of this place that you have seen.
                   A       B       C       D       E      F
               +-------+-------+-------+-------+-------+----------------------
         Total | 100.0 | 100.0 |   N/A |   N/A | 100.0 |  60.7
       Dungeon | 100.0 | 100.0 |   N/A |   N/A | 100.0 |  60.7
               +-------+-------+-------+-------+-------+----------------------
